 Dungeon Crawl Stone Soup version 0.31-a0-204-g7da18cac08 (webtiles) character file.

Game seed: 10553775202752376691

1906 mistaj the Cleaver (level 9, -14/72 HPs)
             Began as a Hill Orc Fighter on June 27, 2023.
             Was a Follower of Hepliaklqana.
             Demolished by a two-headed ogre
             ... wielding a +0 giant spiked club
              (16 damage)
             ... on level 6 of the Dungeon.
             The game lasted 00:12:13 (6621 turns).

mistaj the Cleaver (Hill Orc Fighter)               Turns: 6621, Time: 00:12:14

Health: -14/72     AC: 21    Str: 21    XL:     9   Next: 16%
Magic:  9/9        EV:  6    Int: 10    God:    Hepliaklqana [*.....]
Gold:   899        SH:  0    Dex: 10    Spells: 8/8 levels left

rFire   . . .        y - +6 battleaxe
rCold   . . .        (shield currently unavailable)
rNeg    . . .        n - +0 plate armour
rPois   .            l - +0 helmet
rElec   .            u - +2 cloak
rCorr   .            (no gloves)
SInv    .            o - +2 pair of boots
Will    .....        x - amulet of faith Stlth
                     (no ring)
HPRegen 0.32/turn    (no ring)
MPRegen 0.11/turn

%: faith
@: no status effects
A: reduced essence
a: Renounce Religion, Recall Ancestor, Ancestor Identity


You were on level 6 of the Dungeon.
You worshipped Hepliaklqana.
Hepliaklqana was aware of your devotion.
You visited 1 branch of the dungeon, and saw 6 of its levels.
You also visited: Sewer.

You collected 899 gold pieces.

Inventory:

Hand Weapons
 a - a +0 war axe
 v - the +10 hand axe "Xuud" {holy, *Rage rElec rPois Str-2}
   (You found it on level 5 of the Dungeon)

   Str:       It affects your strength (-2).
   rElec:     It insulates you from electricity.
   rPois:     It protects you from poison.
   *Rage:     It berserks you when you make melee attacks (+20% chance).
 y - a +6 battleaxe (weapon)
Armour
 l - a +0 helmet (worn)
 n - a +0 plate armour (worn)
 o - a +2 pair of boots (worn)
 u - a +2 cloak (worn)
Jewellery
 x - an amulet of faith (around neck)
Wands
 w - a wand of acid (8)
Scrolls
 b - a scroll of enchant weapon
 e - 6 scrolls of teleportation
 i - 3 scrolls of blinking
 j - a scroll of amnesia
Potions
 d - 3 potions of might
 f - a potion of brilliance
 g - 2 potions of berserk rage
 h - a potion of lignification
 k - a potion of haste {unknown}
 p - 2 potions of heal wounds


   Skills:
 + Level 7.8 Fighting
 + Level 8.1 Axes
 + Level 7.2 Armour
 - Level 7.1 Shields


You had 8 spell levels left.
You didn't know any spells.
Your spell library contained the following spells:

 Spells                   Type           Power      Damage    Failure   Level
 Apportation              Tloc           0%         N/A       100%        1
 Necrotise                Necr           0%         1d4       100%        1
 Shock                    Conj/Air       0%         1d3       100%        1
 Summon Small Mammal      Summ           0%         N/A       100%        1
 Poisonous Vapours        Pois/Air       0%         N/A       100%        2
 Mephitic Cloud           Conj/Pois/Air  0%         N/A       100%        3
 Portal Projectile        Hex/Tloc       0%         N/A       100%        3
 Swiftness                Air            0%         N/A       100%        3
 Tukima's Dance           Hex            0%         N/A       100%        3
 Airstrike                Air            0%         2d(0-16)  100%        4
 Blade Hands              Tmut           0%         N/A       100%        5
 Freezing Cloud           Conj/Ice/Air   0%         6-21      100%        5


Dungeon Overview and Level Annotations

Branches:
Dungeon (6/15)              Sewer (visited)
 Temple: D:4-7

Altars:
Ashenzari
Cheibriados
Dithmenos
Elyvilon
Hepliaklqana
Kikubaaqudgha
Nemelex Xobeh
Wu Jian

Shops:
D:2 ![(?


Message History

You barely miss the adder.
The adder is heavily wounded.
The adder completely misses you.
Wystan hits the adder!
The adder dies!
No target in view!
Things that are here:
a +0 club; a +0 leather armour; an orc corpse You swap places.
There is an open door here.
A two-headed ogre comes into view.
It is wielding two +0 giant spiked clubs.
Found a dagger.
The two-headed ogre shouts in stereo!
The two-headed ogre hits you with a +0 giant spiked club!
The two-headed ogre hits you with a +0 giant spiked club.
You hit the two-headed ogre.
The two-headed ogre is lightly wounded.
The two-headed ogre hits you with a +0 giant spiked club!!
The two-headed ogre hits you with a +0 giant spiked club!
You are too injured to fight recklessly!
You are too injured to fight recklessly!
You are too injured to fight recklessly!
You are too injured to fight recklessly!
You are too injured to fight recklessly!
You slash the two-headed ogre!
The two-headed ogre is moderately wounded.
You slash the two-headed ogre!
The two-headed ogre is heavily wounded.
The two-headed ogre barely misses you.
The two-headed ogre hits you with a +0 giant spiked club.
You slash the two-headed ogre!
The two-headed ogre is almost dead.
The two-headed ogre hits you with a +0 giant spiked club!
* * * LOW HITPOINT WARNING * * *
The two-headed ogre hits you with a +0 giant spiked club.
* * * LOW HITPOINT WARNING * * *
You hit the two-headed ogre.
The two-headed ogre is almost dead.
The two-headed ogre hits you but does no damage.
The two-headed ogre hits you with a +0 giant spiked club!
You die...

#.. #.# #.# #)#
##### #.# #....
#.# #...# #O#
#...#
#@############....
#R.............#R.
################..
#.........#....
#)#######.#.##.
#.# #.#.##. #.#
#.#.##. #.#
#.#.##. #.#
#.#.##.


You could see the friendly Wystan the ancestor and a two-headed ogre (ally
target).

Vanquished Creatures
  A water moccasin (D:6)
  Pargi (Sewer)
  An ogre (D:5)
  3 phantoms
  2 kobold brigands
  A bullfrog (D:6)
  2 scorpions (D:4)
  5 wights (D:6)
  Crazy Yiuf (D:4)
  6 hounds
  3 jellies
  An orc priest (D:5)
  A gnoll bouda (D:3)
  3 iguanas
  A sleepcap (D:6)
  Ijyb (D:5)
  3 orc wizards
  3 gnolls (D:3)
  5 adders
  3 ufetubi
  4 worms
  2 dart slugs
  9 orcs
  10 bats
  18 endoplasms
  7 giant cockroaches
  3 goblins
  4 hobgoblins
  8 jackals (D:1)
  14 kobolds
  3 quokkas
  10 ball pythons
  4 frilled lizards
  6 rats (D:1)
149 creatures vanquished.

Vanquished Creatures (collateral kills)
  A jelly (D:6)
  An adder (D:6)
  An orc (D:6)
3 creatures vanquished.

Grand Total: 152 creatures vanquished

Notes
Turn   | Place    | Note
-------+----------+-------------------------------------------
     0 | D:1      | mistaj the Hill Orc Fighter began the quest for the Orb.
     0 | D:1      | Reached XP level 1. HP: 19/19 MP: 1/1
     1 | D:1      | Found a runed translucent door.
     2 | D:1      | Noticed a jelly
   292 | D:1      | Reached skill level 3 in Axes
   292 | D:1      | Reached XP level 2. HP: 27/27 MP: 2/2
   517 | D:1      | Reached XP level 3. HP: 26/33 MP: 3/3
  1408 | D:2      | Found Qaygh's Distillery.
  1482 | D:2      | Found Zykiu's Antique Weapon Shop.
  1483 | D:2      | Found Okemn's Armour Emporium.
  1683 | D:2      | Found Ceaqiarch's Magic Scroll Boutique.
  1756 | D:3      | Identified the +1 leather armour of Qathaup {Rampage +Inv
                  | rC- SInv}
  1784 | D:3      | Reached XP level 4. HP: 31/39 MP: 4/4
  1860 | D:3      | Reached skill level 4 in Axes
  1874 | D:3      | Reached XP level 5. HP: 30/47 MP: 5/5
  1962 | D:3      | Found a glowing drain.
  1972 | Sewer    | Entered a sewer
  2003 | Sewer    | Noticed Pargi
  2036 | Sewer    | Killed Pargi
  2037 | Sewer    | Reached skill level 5 in Fighting
  2037 | Sewer    | Reached XP level 6. HP: 21/56 MP: 6/6
  2887 | D:4      | Found a runed translucent door.
  2888 | D:4      | Noticed Crazy Yiuf
  3004 | D:4      | Reached skill level 5 in Axes
  3278 | D:4      | Reached skill level 5 in Armour
  3278 | D:4      | Reached skill level 5 in Shields
  3278 | D:4      | Reached XP level 7. HP: 54/61 MP: 7/7
  3827 | D:4      | Killed Crazy Yiuf
  4252 | D:5      | Entered Level 5 of the Dungeon
  4263 | D:5      | Reached skill level 6 in Axes
  4312 | D:5      | Identified the +10 hand axe "Xuud" {holy, *Rage rElec rPois
                  | Str-2}
  4330 | D:5      | Found a snail-covered altar of Cheibriados.
  4330 | D:5      | Found an ancient bone altar of Kikubaaqudgha.
  4352 | D:5      | Found a white marble altar of Elyvilon.
  4354 | D:5      | Found an ornate altar of the Wu Jian Council.
  4355 | D:5      | Found a broken altar of Ashenzari.
  4360 | D:5      | Found a hazy altar of Hepliaklqana.
  4361 | D:5      | Noticed Ijyb
  4370 | D:5      | Killed Ijyb
  4438 | D:5      | Became a worshipper of Hepliaklqana the Forgotten
  4744 | D:5      | Reached XP level 8. HP: 71/71 MP: 8/8
  4890 | D:5      | Found a sparkling altar of Nemelex Xobeh.
  5200 | D:5      | Reached * piety under Hepliaklqana
  5419 | D:5      | Found a shadowy altar of Dithmenos.
  5875 | D:6      | Reached skill level 7 in Axes
  6246 | D:6      | Reached XP level 9. HP: 71/71 MP: 9/9
  6359 | D:6      | Identified a scroll of acquirement
  6359 | D:6      | Acquired 591 gold pieces
  6380 | D:6      | Reached skill level 8 in Axes
  6615 | D:6      | Noticed a two-headed ogre
  6620 | D:6      | HP: 2/72 [two-headed ogre/+0 giant spiked club (6)]
  6621 | D:6      | Demolished by a two-headed ogre

Illustrated notes

Levels and vault maps discovered:
D:1:      dpeg_arrival_caged_fury, layout_basic
D:2:      layout_rooms, serial_shops, nicolae_shop_industrial_runoff, shop,
          shop, nicolae_shop_tiny_statue_garden
D:3:      layout_loops_ring, cheibrodos_sewer_entry_sluice, grunt_ministairs_13,
          minivault_19, minmay_splitting_lines, feat_on_display
D:4:      layout_loops_ring, minmay_quantized, uniq_crazy_yiuf_cottage
D:5:      cheibrodos_quashed, layout_loops_ring,
          nicolae_overflow_hallway_of_the_gods, grunt_dithmenos_shadows,
          nemelex_dance_club_becter, chequers_serial_rivers_large_a, uniq_ijyb
D:6:      layout_basic, st_stairs_9

Skill      XL: |  1  2  3  4  5  6  7  8  9 |
---------------+----------------------------+-----
Axes           | 3 4 5 6 7 8 |  8.1
Fighting       | 4 5 6 7 |  7.8
Armour         | 4 5 7 |  7.2
Shields        | 4 5 7 |  7.1

Action                     |  1- 3 |  4- 6 |  7- 9 || total
---------------------------+-------+-------+-------++-------
  Melee: War axe           |   110 |   169 |   114 ||   393
         Hand axe          |       |       |    78 ||    78
         Battleaxe         |       |       |    21 ||    21
    Use: Scroll            |       |       |    10 ||    10
 Armour: Scale mail        |    21 |       |       ||    21
         Chain mail        |    29 |    12 |       ||    41
         Plate armour      |       |   171 |   133 ||   304
  Dodge: Dodged            |    34 |    60 |    47 ||   141
  Block: Buckler           |    27 |    45 |    26 ||    98

Table legend: (Time is in decaauts)
 A = Elapsed time spent in this place.
 B = Non-inter-level travel time spent in this place.
 C = Inter-level travel time spent in this place.
 D = Time resting spent in this place.
 E = Time spent auto-exploring this place.
 F = Levels seen in this place.
 G = Mean time per level.
                   A        B        C        D        E       F      G
               +--------+--------+--------+--------+--------+-----+--------+
         Total |   6820 |   6683 |    137 |   1355 |   3769 |   7 |  974.3 |
       Dungeon |   6601 |   6464 |    137 |   1256 |   3769 |   6 | 1100.2 |
         Sewer |    219 |    219 |      0 |     99 |      0 |   1 |  219.0 |
               +--------+--------+--------+--------+--------+-----+--------+

Top non-repeatable levels by time:
     D:1: 1434 daAuts
     D:5: 1342 daAuts
     D:4: 1217 daAuts
     D:6: 1103 daAuts
     D:3: 929 daAuts
     D:2: 573 daAuts
   Sewer: 219 daAuts
